 Dungeon Crawl Stone Soup version 0.31-a0-626-g8143ab4f1d (webtiles) character file.

Game seed: 3871510369384853587

700 Midn8 the Cudgeller (level 7, -1/60 (64) HPs)
             Began as an Ogre Reaver on Aug 24, 2023.
             Was a Follower of Hepliaklqana.
             Slain by Dowan
             ... wielding a +0 dagger
              (2 damage)
             ... on level 4 of the Dungeon.
             The game lasted 00:09:17 (3495 turns).

Midn8 the Cudgeller (Ogre Reaver)                   Turns: 3495, Time: 00:09:17

HP:   -1/60 (64)    AC:  3    Str: 17    XL:     7   Next: 65%
MP:   6/10          EV:  9    Int: 22    God:    Hepliaklqana [*.....]
Gold: 288           SH:  0    Dex:  7    Spells: 7/10 levels left

rFire   . . .        f - +0 flail
rCold   + + .        (no shield)
rNeg    . . .        o - +0 robe {rC+}
rPois   .            (helmet currently unavailable)
rElec   .            (cloak currently unavailable)
rCorr   .            (gloves unavailable)
SInv    .            (boots unavailable)
Will    +....        (no amulet)
Stlth   +            m - +6 ring of intelligence
HPRegen 0.30/turn    (no ring)
MPRegen 0.12/turn

%: no passive effects
@: about to teleport, beast-form, drained
A: beast (slay +0), reduced essence, large, unfitting armour, tough skin 1, cold
resistance 1, strong-willed 1, inability to drink after injury 1
a: Begin Untransformation, Renounce Religion, Recall Ancestor, Ancestor Identity


You were on level 4 of the Dungeon.
You worshipped Hepliaklqana.
Hepliaklqana was aware of your devotion.
You were a hulking beast.
You visited 1 branch of the dungeon, and saw 4 of its levels.

You collected 288 gold pieces.

Inventory:

Hand Weapons
 a - a +0 mace
 f - a +0 flail (weapon)
Missiles
 d - 4 javelins
 g - 52 stones
 k - 3 curare-tipped darts
 l - 6 boomerangs
Armour
 b - a +0 robe
 o - a +0 robe of cold resistance (worn)
Jewellery
 e - a ring of flight
 m - a +6 ring of intelligence (left hand)
 u - a ring of fire
Talismans
 q - a beast talisman (active)
Scrolls
 h - 2 scrolls of fog
 r - 3 scrolls of identify {unknown}
 t - a scroll of noise {unknown}
Potions
 c - a potion of curing
 i - 3 potions of berserk rage {unknown}
 j - 4 potions of brilliance
 n - 2 potions of mutation
 p - a potion of enlightenment {unknown}


   Skills:
 + Level 5.0 Fighting
 - Level 6.0 Maces & Flails
 - Level 1.7 Dodging
 - Level 2.4 Spellcasting
 - Level 4.0 Conjurations
 - Level 2.0 Translocations
 - Level 1.5 Shapeshifting


You had 7 spell levels left.
You knew the following spells:

 Your Spells              Type           Power      Damage    Failure   Level
a - Kiss of Death         Conj/Necr      44%        2d8       6%          1
s - Momentum Strike       Conj/Tloc      30%        3d8       6%          2

Your spell library contained the following spells:

 Spells                   Type           Power      Damage    Failure   Level
 Blink                    Tloc           22%        N/A       9%          2
 Lesser Beckoning         Tloc           22%        N/A       9%          2
 Hailstorm                Conj/Ice       11%        3d5       17%         3
 Sublimation of Blood     Necr           2%         N/A       21%         2
 Wereblood                Tmut           2%         N/A       21%         2
 Summon Hydra             Summ           1%         N/A       100%        7


Dungeon Overview and Level Annotations

Branches:
Dungeon (4/15)
 Temple: D:4-7

Altars:
Elyvilon
Hepliaklqana
Ru

Annotations:
D:4 Dowan


Innate Abilities, Weirdness & Mutations

You are a hulking beast.
Your limbs bulge with bestial killing power. (Slay +0)
Your life essence is reduced to manifest your ancestor. (-10% HP)
You are too large for most types of armour.
You have tough skin. (AC +1)
Your flesh is cold resistant. (rC+)
You are strong-willed. (Will+)
You occasionally lose the ability to drink potions when taking damage.


Message History

Dowan blinks!
Unknown command.
You hit Duvessa.
Duvessa is almost dead.
Duvessa says, "Where magic fails, the sword succeeds!"
Duvessa misses you. Dowan hits you with a +0 dagger.
You barely miss Duvessa.
Duvessa is almost dead.
Duvessa hits you with a +0 rapier! Dowan hits you with a +0 dagger.
Unknown command.
You closely miss Duvessa.
Duvessa is almost dead.
Duvessa hits you with a +0 rapier.
Dowan says, "Stay away from my face!"
Dowan hits you with a +0 dagger.
* * * LOW HITPOINT WARNING * * *
Unknown command.
You thump Duvessa!
You kill Duvessa!
Dowan seems overcome with grief.
Dowan seems to find hidden reserves of power!
Dowan hits you with a +0 dagger.
* * * LOW HITPOINT WARNING * * *
Dowan hits you with a +0 dagger.
* * * LOW HITPOINT WARNING * * *
Training target 1.5 for Shapeshifting reached!
You need to enable at least one skill for training.
Your Fighting skill increases to level 5!
Unknown command.
Okay, then.
Okay, then.
As you read the scroll of teleportation, it crumbles to dust.
You feel strangely unstable.
You are no longer robbed of momentum.
Dowan hits you but does no damage.
Unknown command.
Dowan attacks as he pursues you! Dowan hits you with a +0 dagger.
* * * LOW HITPOINT WARNING * * *
Dowan hits you with a +0 dagger.
You die...

########
#......#####
#######
#.####.#...#
#>.....
########R#........#
#.###..
...........##.#...#
#.# #.#
######...####.##.##
#.# #.#
#.........##.#
#.###.#
##...#######e#
#...... ##.## #h#
#####.# #.# #....#
#.# #.# #..#.# ##.#
#+# #..#.# #..#
#... . #.## #... .#
#.## ###. # #..#
### $. ######...
..+ .........


You could see Dowan (fast).

Vanquished Creatures
  Grinder (D:3)
  Sigmund (D:4)
  Menkaure (D:4)
  Duvessa (D:4)
  A jelly (D:3)
  3 adders
  3 worms
  2 dart slugs
  5 bats
  4 endoplasms
  4 giant cockroaches
  7 hobgoblins
  5 jackals
  A quokka (D:2)
  3 ball pythons
  4 frilled lizards
  2 goblins
  6 kobolds
  6 rats
60 creatures vanquished.

Vanquished Creatures (collateral kills)
  2 jackals (D:4)
2 creatures vanquished.

Vanquished Creatures (others)
  An ancestor (D:4)
1 creature vanquished.

Grand Total: 63 creatures vanquished

Notes
Turn   | Place    | Note
-------+----------+-------------------------------------------
     0 | D:1      | Midn8 the Ogre Reaver began the quest for the Orb.
     0 | D:1      | Reached XP level 1. HP: 22/22 MP: 3/3
    25 | D:1      | Found a faded altar of an unknown god.
    72 | D:1      | Reached skill level 3 in Maces & Flails
   146 | D:1      | Reached XP level 2. HP: 23/29 MP: 5/5
   322 | D:1      | Learned a level 2 spell: Momentum Strike
   797 | D:2      | Reached XP level 3. HP: 36/36 MP: 6/6
   905 | D:2      | Reached skill level 4 in Maces & Flails
  1533 | D:3      | Found a white marble altar of Elyvilon.
  1636 | D:3      | Reached XP level 4. HP: 42/44 MP: 7/7
  1687 | D:3      | Found a hazy altar of Hepliaklqana.
  1696 | D:3      | Became a worshipper of Hepliaklqana the Forgotten
  1832 | D:3      | Noticed Grinder
  1836 | D:3      | Paralysed by Grinder for 3 turns
  1846 | D:3      | Gained mutation: You occasionally lose the ability to drink
                  | potions when taking damage. [potion of mutation]
  1846 | D:3      | Gained mutation: You are strong-willed. (Will+) [potion of
                  | mutation]
  1846 | D:3      | Gained mutation: Your flesh is cold resistant. (rC+)
                  | [potion of mutation]
  1864 | D:3      | Killed Grinder
  1865 | D:3      | Reached skill level 5 in Maces & Flails
  1865 | D:3      | Reached XP level 5. HP: 14/54 MP: 2/8
  1865 | D:3      | Reached XP level 6. HP: 16/62 MP: 2/9
  2879 | D:4      | Noticed Menkaure
  2886 | D:4      | Killed Menkaure
  2887 | D:4      | Reached skill level 6 in Maces & Flails
  2887 | D:4      | Reached XP level 7. HP: 13/70 MP: 7/10
  3168 | D:4      | Noticed Sigmund
  3178 | D:4      | Killed Sigmund
  3179 | D:4      | Reached skill level 1 in Shapeshifting
  3379 | D:4      | Found a sacrificial altar of Ru.
  3385 | D:4      | Reached * piety under Hepliaklqana
  3476 | D:4      | Noticed Duvessa
  3476 | D:4      | Noticed Dowan
  3493 | D:4      | Killed Duvessa
  3494 | D:4      | Reached skill level 5 in Fighting
  3495 | D:4      | HP: 1/60 [Dowan/+0 dagger (5)]
  3495 | D:4      | Slain by Dowan

Illustrated notes

Levels and vault maps discovered:
D:1:      dpeg_arrival_fog, layout_loops_ring,
          dreamdust_ecumenical_altar_statues, hangedman_decor_clover_reticule
D:2:      layout_rooms, minmay_fractal_squares_5
D:3:      layout_loops_ring, elyvilon_altar_1, mainiacjoe_overflow_alcove_4,
          nrook_loot_triangle, minmay_bisected, uniq_grinder
D:4:      layout_loops_corners, cheibriados_altar_1, mainiacjoe_overflow_swirl,
          uniq_duvessa, uniq_menkaure, uniq_sigmund

Skill      XL: |  1  2  3  4  5  6  7 |
---------------+----------------------+-----
Maces & Flails | 3 4 5 6 |  6.0
Conjurations   | 3 4 |  4.0
Fighting       | 4 5 |  5.0
Translocations | 2 |  2.0
Shapeshifting  | 1 |  1.5
Dodging        | |  1.7
Spellcasting   | |  2.4

Action                     |  1- 3 |  4- 6 |  7- 9 || total
---------------------------+-------+-------+-------++-------
  Melee: Mace              |    25 |       |       ||    25
         Flail             |    91 |    68 |    11 ||   170
         Punch             |     1 |       |       ||     1
   Cast: Momentum Strike   |     5 |    12 |     7 ||    24
         Kiss of Death     |       |       |     2 ||     2
 Invoke: Ancestor Identity |       |       |     1 ||     1
    Use: Scroll            |     4 |       |     1 ||     5
         Potion            |       |     4 |       ||     4
   Stab: Sleeping          |       |     1 |       ||     1
 Armour: Robe              |    38 |    20 |     2 ||    60
  Dodge: Dodged            |    62 |    25 |     6 ||    93
   Form: Beast             |       |     1 |       ||     1

Table legend: (Time is in decaauts)
 A = Elapsed time spent in this place.
 B = Non-inter-level travel time spent in this place.
 C = Inter-level travel time spent in this place.
 D = Time resting spent in this place.
 E = Time spent auto-exploring this place.
 F = Levels seen in this place.
 G = Mean time per level.
                   A        B        C        D        E       F      G
               +--------+--------+--------+--------+--------+-----+--------+
         Total |   3533 |   3454 |     79 |    893 |   1865 |   4 |  883.2 |
       Dungeon |   3533 |   3454 |     79 |    893 |   1865 |   4 |  883.2 |
               +--------+--------+--------+--------+--------+-----+--------+

Top non-repeatable levels by time:
     D:3: 1130 daAuts
     D:4: 866 daAuts
     D:1: 768 daAuts
     D:2: 767 daAuts
